AoeStats
← Anna "G"

Arabia

504658143Analyzed
1v1 RM · 25d ago on Sep 6, 2026· 47m 4s· 2 players
Game mode
Random Map
Map size
Tiny (2 player)
Population
200
Speed
Normal
Resources
Standard
Victory
Conquest
Starting age
Dark Age
Ending age
Imperial Age
RankedLock teamsTeams togetherTeam positionsShared explorationLock speedFull tech treeHidden civsTurbo modeCheats
Victory
Defeat
🇨🇿 Vikings · Czechia
1591
+16
🇹🇼 Persians · Taiwan
1584
-16
www
6:48 Loom
9:25 Feudal Age
10:03 Double-Bit Axe
23:05 Castle Age
22:35 Wheelbarrow
22:13 Bloodlines
23:34 Forging
23:30 Scale Barding Armor
24:16 Bow Saw
23:54 Town Watch
28:06 Chain Barding Armor
32:45 Iron Casting
34:52 Husbandry
35:19 Hand Cart
38:05 Fletching
41:53 Imperial Age
41:37 Bodkin Arrow
41:34 Cavalier
42:59 Plate Barding Armor
45:20 Conscription
46:27 Elite Skirmisher
Anna "G"
6:44 Loom
9:15 Feudal Age
9:46 Double-Bit Axe
9:53 Horse Collar
16:00 Fletching
22:09 Castle Age
22:12 Crossbowman
22:53 Bodkin Arrow
23:10 Bow Saw
24:13 Ballistics
27:36 Town Watch
30:26 Town Patrol
34:25 Imperial Age
34:11 Heavy Plow
34:28 Arbalester
35:08 Bracer
36:10 Chemistry
35:36 Conscription
35:19 Padded Archer Armor
38:02 Leather Archer Armor
40:17 Ring Archer Armor
39:57 Forging
39:55 Chieftains
39:56 Bogsveigar
41:45 Two-Man Saw
40:40 Gold Mining
40:42 Stone Mining
41:11 Squires
41:31 Scale Mail Armor
41:36 Pikeman
42:51 Murder Holes
42:45 Elite Berserk
45:02 Man-at-Arms
46:40 Hoardings
46:26 Gambesons
Connection lost

Rejoining the realm…

Still unreachable

The connection could not be restored.

Session expired

The server has moved on; the page needs a fresh start.